 Dungeon Crawl Stone Soup version 0.28.0-53-g5a82cb258f (webtiles) character file.

Game seed: 5825421717781422925

36 nickcage the Vexing (level 3, 0/16 HPs)
             Began as a Spriggan Enchanter on June 21, 2022.
             Hit by a goblin thrown by Robin (3 damage)
             ... on level 2 of the Dungeon.
             The game lasted 00:04:36 (1079 turns).

nickcage the Vexing (Spriggan Enchanter)            Turns: 1079, Time: 00:04:36

Health: 0/16       AC:  2    Str:  4    XL:     3   Next: 19%
Magic:  2/8        EV: 17    Int: 18    God:
Gold:   68         SH:  0    Dex: 15    Spells: 5/7 levels left

rFire   . . .      SeeInvis +   a - +1 dagger (spect)
rCold   . . .      Faith    .   (no shield)
rNeg    . . .      Spirit   .   b - +0 robe
rPois   .          Reflect  .   (helmet restricted)
rElec   .          Harm     .   (no cloak)
rCorr   .          Rampage  .   (gloves unavailable)
Will    .....                   (boots unavailable)
Stlth   +++.......              (no amulet)
HPRegen 0.05/turn               (no ring)
MPRegen 0.11/turn               (no ring)

@: very slightly contaminated, very quick
A: very small, no large weapons, unfitting armour, see invisible, speed 3
a: no special abilities


You were on level 2 of the Dungeon.
You visited 1 branch of the dungeon, and saw 2 of its levels.

You collected 68 gold pieces.

Inventory:

Hand Weapons
 a - a +1 spectral dagger (weapon)
Missiles
 h - 3 boomerangs
Armour
 b - a +0 robe (worn)
Jewellery
 e - an amulet of reflection
 f - an amulet of magic regeneration
Potions
 c - a potion of invisibility
 d - a potion of brilliance {unknown}
 g - a potion of curing {unknown}


   Skills:
 + Level 1.8 Short Blades
 - Level 2.6 Dodging
 - Level 4.4 Stealth
 - Level 2.6 Spellcasting
 - Level 5.0 Hexes


You had 5 spell levels left.
You knew the following spells:

 Your Spells              Type           Power      Damage    Failure   Level
a - Ensorcelled Hibernat  Hex/Ice        22%        N/A       9%          2

Your spell library contained the following spells:

 Spells                   Type           Power      Damage    Failure   Level
 Confusing Touch          Hex            20%        N/A       6%          3
 Tukima's Dance           Hex            20%        N/A       6%          3
 Dazzling Flash           Conj/Hex       22%        N/A       19%         3


Dungeon Overview and Level Annotations

Branches:
Dungeon (2/15)

Altars:

Shops:
D:1 *

Annotations:
D:2 Robin


Innate Abilities, Weirdness & Mutations

You are very small and have problems with some larger weapons.
You are too small for most types of armour.
You have supernaturally acute eyesight. (SInv)
You cover ground extremely quickly. (Speed+++)


Message History

You impale the kobold!!
You kill the kobold!
Your Hexes skill increases to level 5!
Things that are here:
a +0 dagger; a kobold corpse
Casting: Ensorcelled Hibernation (safe; 9% risk of failure)
Confirm with . or Enter, or press ? or * to list all spells.
Okay, then.
You see here a +0 ring mail.
A hobgoblin and 2 goblins come into view.
Robin of the Strong Arm comes into view.
They are wielding a +0 dagger and wearing a +2 helmet of see invisible.
A goblin comes into view. It is wielding a +0 dagger.
The hobgoblin shouts!
The goblin shouts!
Robin shouts!
You hear a shout! x2
A goblin comes into view. It is wielding a +0 club.
The goblin shouts!
You miscast Ensorcelled Hibernation.
You are very lightly contaminated with residual magic.
Nothing appears to happen.
The goblin shouts!
You hear a shout!
The goblin closely misses you. Robin throws the goblin at you!
A hobgoblin comes into view.
The goblin hits you with a +0 dagger.
Aiming: Ensorcelled Hibernation (safe; 9% risk of failure)
Press: ? - help, Q - select action, (/) - cycle Shift-Dir - straight line, f - goblin, p - goblin
Aim: a goblin, wielding a +0 dagger (chance to affect: 62%)
The goblin resists with significant effort.
The goblin hits you with a +0 dagger. x2
Aiming: Ensorcelled Hibernation (safe; 9% risk of failure)
Press: ? - help, Q - select action, (/) - cycle Shift-Dir - straight line, f/p - goblin
Aim: a goblin, wielding a +0 dagger (chance to affect: 62%)
The goblin looks drowsy...
The goblin hits you with a +0 dagger.
The helpless goblin fails to defend itself.
You impale the goblin!!
You kill the goblin!
The goblin hits you with a +0 dagger.
* * * LOW HITPOINT WARNING * * *
You see here a +0 dagger.
Robin throws the goblin at you!
You die...

####......).......#
#########[####.#
#.####.#######
#.............
######.######. #.#
#.# ##########.#
g..gg.gg)@g#
############
####### ..§§§.
#####§§§#


You could see Robin, a hobgoblin and 3 goblins.

Vanquished Creatures
  A dart slug (D:2)
  3 endoplasms (D:1)
  3 giant cockroaches (D:1)
  8 goblins
  2 hobgoblins
  A ball python (D:1)
  3 bats
  7 kobolds
  A rat (D:1)
29 creatures vanquished.

Notes
Turn   | Place    | Note
-------+----------+-------------------------------------------
     0 | D:1      | nickcage the Spriggan Enchanter began the quest for the
                  | Orb.
     0 | D:1      | Reached XP level 1. HP: 9/9 MP: 5/5
    55 | D:1      | Reached skill level 4 in Hexes
   180 | D:1      | Reached XP level 2. HP: 13/13 MP: 6/6
   184 | D:1      | Learned a level 2 spell: Ensorcelled Hibernation
   414 | D:1      | Found Yvirphic's Assorted Antiques.
   789 | D:2      | Reached XP level 3. HP: 14/16 MP: 5/8
  1041 | D:2      | Reached skill level 5 in Hexes
  1071 | D:2      | Noticed Robin
  1079 | D:2      | Hit by a goblin thrown by Robin

Illustrated notes

Levels and vault maps discovered:
D:1:      minmay_arrival_loop, layout_rooms, serial_shops, shop
D:2:      kennysheep_the_goblin_king, layout_loops_ring, basic_altar, uniq_robin

Skill      XL: |  1  2  3 |
---------------+----------+-----
Hexes          | 4 5 |  5.0
Short Blades   | |  1.8
Dodging        | |  2.6
Stealth        | |  4.4
Spellcasting   | |  2.6

Action                   || total
-------------------------++-------
Melee: Dagger            ||    43
 Cast: Ensorcelled Hiber ||    21
  Use: Scroll            ||     3
 Stab: Sleeping          ||    23
Armor: Robe              ||     5
Dodge: Dodged            ||    24
